 Dungeon Sprint DCSS version 0.20-a0-833-gc632bec (webtiles) character file.

18300 esc the Polluter (level 12, 0/108 HPs)
             Began as a Demonspawn Venom Mage on Mar 7, 2017.
             Was an Elder of Uskayaw.
             Slain by a hippogriff (7 damage)
             ... in the Dungeon (Sprint V: "Ziggurat Sprint").
             The game lasted 00:19:08 (968 turns).

esc the Polluter (Demonspawn Venom Mage)             Turns: 968, Time: 00:19:09

Health: 0/108      AC:  5    Str:  9    XL:     12   Next: 26%
Magic:  17/28      EV: 13    Int: 33    God:    Uskayaw [****..]
Gold:   0          SH: 28    Dex: 14    Spells: 23/36 levels left

rFire    + + +     SeeInvis .   W - +7 sceptre of Torment
rCold    + . .     Gourm    .   Y - +1 leather armour of Dawn {rF+++}
rNeg     + . .     Faith    .   L - +18 shield of the Gong {rElec rN+ MR+ EV-5}
rPois    .         Spirit   .   (helmet restricted)
rElec    +         Reflect  .   P - +0 cloak
rCorr    .         Harm     .   (no gloves)
MR       +....     NoTele   +   (no boots)
Stlth    ++........             Z - amulet of regeneration {+regen, !d}
Regen    5.7/turn               F - +6 ring of intelligence
MPRegen  0.3/turn               G - +6 ring of intelligence

@: lethally poisoned (0 -> 0), very slightly contaminated
A: horns 2, cold resistance 1, powered by death 1, freezing cloud immunity
a: Stomp, Line Pass, Renounce Religion


You were in the Dungeon.
You worshipped Uskayaw.
Uskayaw was noncommittal.
You were not hungry.

You visited 1 branch

Inventory:

Hand Weapons
 M - the +6 Majin-Bo {vamp, Archmagi MP+6 Int+6}
   (You found it in the Dungeon)

   It inflicts no extra harm, but heals its wielder when it wounds a living foe.
   It affects your intelligence (+6).
   It affects your magic capacity (+6).
 O - the +7 Singing Sword
   (You found it in the Dungeon)
 W - the +7 sceptre of Torment (weapon)
   (You found it in the Dungeon)
Armour
 L - the +18 shield of the Gong (worn) {rElec rN+ MR+ EV-5}
   (You found it in the Dungeon)

   It affects your evasion (-5).
   It insulates you from electricity.
   It protects you from negative energy.
   It affects your resistance to hostile enchantments.
 P - a +0 cloak (worn)
   (You took it off Crazy Yiuf in the Dungeon)
 Y - the +1 leather armour of Dawn (worn) {rF+++}
   (You found it in the Dungeon)

   It renders you almost immune to fire.
Magical Staves
 B - an uncursed staff of energy {@w1+MP, hungerless spells, !d!a}
   (You found it in the Dungeon)
 N - an uncursed staff of poison {rPois}
   (You took it off a draconian in the Dungeon)
 V - an uncursed staff of power {MP+17, !a}
   (You took it off a centaur in the Dungeon)
Jewellery
 F - a +6 ring of intelligence (right hand)
   (You found it in the Dungeon)
 G - a +6 ring of intelligence (left hand)
   (You found it in the Dungeon)
 X - the ring of Ficoly {-Tele rElec rPois MR+ Int+3}
   (You found it in the Dungeon)

   [ring of poison resistance]

   It affects your intelligence (+3).
   It insulates you from electricity.
   It protects you from poison.
   It affects your resistance to hostile enchantments.
   It prevents most forms of teleportation.
 Z - an amulet of regeneration (around neck) {+regen, !d}
   (You found it in the Dungeon)
Wands
 x - a wand of disintegration (7/24)
   (You found it in the Dungeon)
 y - a wand of iceblast (3/15)
   (You found it in the Dungeon)
 z - a wand of lightning (5/15)
   (You found it in the Dungeon)
 A - a wand of acid (4/15)
   (You found it in the Dungeon)
Scrolls
 i - 3 scrolls of blinking {!r}
 p - 4 scrolls of amnesia
 q - 3 scrolls of recharging
 r - 7 scrolls of fog
 s - 5 scrolls of identify
 t - 5 scrolls of remove curse
 u - 2 scrolls of fear
Potions
 d - 9 potions of curing
 e - 8 potions of heal wounds
 f - 6 potions of haste
 g - 6 potions of magic
 h - 3 potions of berserk rage {!q}
 j - 2 potions of brilliance
 k - 2 potions of invisibility
 l - 4 potions of resistance
 n - 5 potions of agility
 o - 5 potions of might
Books
 b - a Young Poisoner's Handbook
 m - a book of Misfortune
   (You found it in the Dungeon)
 H - a book of Fire
   (You found it in the Dungeon)
 Q - the Catalogue of Shifting Attacks
   (You found it in the Dungeon)

   Spells                             Type                      Level
   a - Stone Arrow                    Conjuration/Earth            3
   b - Force Lance                    Conjuration/Translocation    4
   c - Dragon Form                    Transmutation                7
 R - a book of the Earth
   (You found it in the Dungeon)
 S - a book of Frost
   (You found it in the Dungeon)
 T - a book of Callings
   (You found it in the Dungeon)
 U - a book of Spatial Translocations
   (You found it in the Dungeon)
Miscellaneous
 a - a sack of spiders
 C - a crystal ball of energy
   (You found it in the Dungeon)
 E - 2 boxes of beasts
 J - a lightning rod (4/4)
   (You found it in the Dungeon)
 K - a phantom mirror
Comestibles
 c - 5 bread rations {@e1}
 v - 42 fruits
 w - 4 meat rations {@e2}
 D - 3 royal jellies
 I - 10 chunks of flesh {@w0}


   Skills:
 + Level 14.8 Fighting
 + Level 12.3 Dodging
 - Level 1.7 Stealth
 + Level 8.7 Shields
 + Level 12.5 Spellcasting
 + Level 13.2 Conjurations
 + Level 15.5 Poison Magic
 + Level 2.0 Invocations


You had 23 spell levels left.
You knew the following spells:

 Your Spells              Type           Power        Failure   Level  Hunger
a - Sting                 Conj/Pois      ####         1%          1    None
b - Olgreb's Toxic Radia  Pois           #######.     1%          4    None
c - Venom Bolt            Conj/Pois      #######...   1%          5    None
d - Ignite Poison         Fire/Tmut/Pois ######..     2%          3    None


Dungeon Overview and Level Annotations

Branches:
Dungeon (1/1)

Altars:
Ashenzari
Cheibriados
Dithmenos
Elyvilon
Fedhas
Gozag
Hepliaklqana
Kikubaaqudgha
Makhleb
Nemelex Xobeh
Okawaru
Qazlal
Ru
Sif Muna
Trog
Uskayaw
Vehumet
Wu Jian
Xom
Yredelemnul
Zin
The Shining One
Beogh
Jiyva
Lugonu

Annotations:
D exclusion: oklob plant


Innate Abilities, Weirdness & Mutations

You have a pair of horns on your head.
Your flesh is cold resistant. (rC+)
You regenerate a little health from kills.
You are immune to freezing clouds.


Message History

Okay, then.
You feel much better.
The komodo dragon looks even sicker.
The wolf looks even sicker.
The spiny frog gives a loud, deep croak!
You block the wolf's attack.
GONNNNG!
You regained 21 hp, and now have 68/108 hp.
You hit the wolf.
The crocodile looks even sicker.
The komodo dragon looks as sick as possible!
You kill the wolf!
You kill the basilisk!
Your Invocations skill increases to level 1!
You block the black mamba's attack.
GONNNNG!
You block the black mamba's attack.
PANG!
You block the spiny frog's attack.
BOUMMMMG!
You regained 6 hp, and now have 74/108 hp.
You closely miss the spiny frog. You headbutt the spiny frog!
The crocodile looks as sick as possible!
You block the black mamba's attack.
GONNNNG!
You block the spiny frog's attack.
GONNNNG!
You block the black mamba's attack.
SHROANNG!
You regained 5 hp, and now have 79/108 hp.
You hit the spiny frog but do no damage.
Your toxic aura wanes.
You kill the crocodile!
You block the black mamba's attack.
GONNNNG!
The spiny frog stings you!! You block the black mamba's attack.
BOUMMMMG!
You block the hippogriff's attack.
GONNNNG!
You block the hippogriff's attack.
GONNNNG!
The hippogriff misses you. The spiny frog stings you!!
The black mamba closely misses you.
You take 38 damage, and have 41/108 hp.
MASSIVE DAMAGE!!
You closely miss the spiny frog. Your headbutt misses the spiny frog.
The hippogriff looks more healthy.
You block the black mamba's attack.
PANG!
You block the spiny frog's attack.
GONNNNG!
The hippogriff bites you. You block the hippogriff's attack.
PTOANNNG!
You block the hippogriff's attack.
SHROANNG!
The spiny frog barely misses you. The spiny frog stings you!!
* * * LOW HITPOINT WARNING * * *
The black mamba barely misses you.
You take 19 damage, and have 22/108 hp.
You don't have enough magic at the moment.
Magic courses through your body. You block the black mamba's attack.
PANG!
The spiny frog barely misses you. You block the hippogriff's attack.
BOUMMMMG!
The hippogriff completely misses you. The hippogriff claws you.
* * * LOW HITPOINT WARNING * * *
The crocodile closely misses you. You block the spiny frog's attack.
BONNNG!
The black mamba barely misses you. The spiny frog barely misses you.
You take 1 damage, and have 21/108 hp.
You regained 24 mp, and now have 26/28 mp.
The spiny frog appears confused.
The komodo dragon appears confused.
You feel somewhat more hungry.
You kill the crocodile!
You regained 4 hp, and now have 25/108 hp.
You now have 22/28 mp.
Okay, then.
You stomp with the beat, sending a shockwave through the revelers around you!
You feel somewhat more hungry.
The komodo dragon seems less confused.
The spiny frog seems less confused.
You block the black mamba's attack.
BONNNG!
You block the hippogriff's attack.
PTOANNNG!
The hippogriff pecks you.
* * * LOW HITPOINT WARNING * * *
The hippogriff closely misses you. You block the komodo dragon's attack.
GONNNNG!
The black mamba bites you!
* * * LOW HITPOINT WARNING * * *
You are poisoned.
The black mamba poisons you! You block the spiny frog's attack.
BOUMMMMG!
You take 12 damage, and have 13/108 hp.
You now have 20/28 mp.
Unknown command.
Okay, then.
You stomp with the beat, sending a shockwave through the revelers around you!
You kill the komodo dragon!
Your Invocations skill increases to level 2!
You feel somewhat more hungry.
You can no longer merge with and destroy a victim.
You feel sick. The black mamba bites you!
* * * LOW HITPOINT WARNING * * *
The hippogriff bites you!
You die...

▓.........
▓▓▓▓▓▓▓▓▓▓▓▓▓▓▓▓▓▓▓▓▓▓
▓...8©8...▓...8©8...▓.
▓..=}}[}!.▓..).).)..▓.
▓..:[):)..▓..|P"[[..▓.
▓...†.....▓.........▓.
▓.........▓.........▓.
▓.........▓...))....▓.
▓...†@†...▓....†....▓.
▓..▓HFS▓..▓..).))...▓.
▓.▓..FF.▓.▓.▓.†f..▓.▓.
▓.....†...▓.........▓▓
▓▓▓▓▓▓▓▓▓▓▓▓▓▓▓▓▓▓▓▓▓


You could see a hippogriff, a black mamba and 3 spiny frogs.

Vanquished Creatures
  A sphinx (D)
  A spriggan defender (D)
  A stone giant (D)
  A green draconian (D)
  A white draconian (D)
  A great orb of eyes (D)
  A dancing weapon (D)
  2 ogre magi (D)
  3 spriggan berserkers (D)
  A deep elf knight (D)
  A deep elf archer (D)
  An ironbrand convoker (D)
  An orc knight (D)
  2 deep elf magi (D)
  A faun (D)
  6 draconians (D)
  2 dryads (D)
  A komodo dragon (D)
  2 yaktaurs (D)
  A jumping spider (D)
  A blink frog (D)
  Sigmund (D)
  A basilisk (D)
  An orc warrior (D)
  A necrophage (D)
  2 wolves (D)
  5 centaurs (D)
  2 crocodiles (D)
  Blork the orc (D)
  An earth elemental (D)
  3 scorpions (D)
  Crazy Yiuf (D)
  3 orc wizards (D)
  Jessica (D)
  A mummy (D)
  2 adder zombies (D)
  3 adder skeletons (D)
  4 orcs (D)
  A bat skeleton (D)
  A bat zombie (D)
  A ball python skeleton (D)
68 creatures vanquished.

Notes
Turn   | Place    | Note
-------+----------+-------------------------------------------
     0 | D        | esc the Demonspawn Venom Mage began the quest for the Orb.
     0 | D        | Reached XP level 1. HP: 13/13 MP: 3/3
     0 | D        | Found a deep blue altar of Sif Muna.
     0 | D        | Found a sacrificial altar of Ru.
     0 | D        | Found a bloodstained altar of Trog.
     0 | D        | Found a stormy altar of Qazlal.
     0 | D        | Found an iron altar of Okawaru.
     0 | D        | Found a sparkling altar of Nemelex Xobeh.
     0 | D        | Found a blossoming altar of Fedhas.
     2 | D        | Found an ancient bone altar of Kikubaaqudgha.
     2 | D        | Found a viscous altar of Jiyva.
     2 | D        | Found a corrupted altar of Lugonu.
     2 | D        | Found a hazy altar of Hepliaklqana.
     2 | D        | Found a burning altar of Makhleb.
     2 | D        | Found an opulent altar of Gozag.
    36 | D        | Reached skill level 7 in Fighting
    36 | D        | Gained mutation: You regenerate a little health from kills. [demonic ancestry]
    36 | D        | Reached XP level 2. HP: 31/31 MP: 5/5
    94 | D        | Became a worshipper of Uskayaw the Reveler
   106 | D        | Entered arena 1.
   107 | D        | Reached * piety under Uskayaw
   110 | D        | Reached skill level 2 in Dodging
   110 | D        | Reached skill level 2 in Conjurations
   110 | D        | Gained mutation: Your flesh is cold resistant. (rC+) [demonic ancestry]
   110 | D        | Reached XP level 3. HP: 32/36 MP: 6/6
   137 | D        | Entered arena 2.
   143 | D        | Reached ** piety under Uskayaw
   147 | D        | Reached *** piety under Uskayaw
   152 | D        | Entered arena 3.
   152 | D        | Noticed Sigmund
   152 | D        | Noticed Jessica
   152 | D        | Noticed Blork the orc
   152 | D        | Noticed Crazy Yiuf
   154 | D        | Killed Jessica
   154 | D        | Reached skill level 3 in Dodging
   154 | D        | Reached skill level 3 in Spellcasting
   154 | D        | Reached skill level 4 in Poison Magic
   154 | D        | Reached XP level 4. HP: 29/44 MP: 8/8
   154 | D        | Killed Crazy Yiuf
   154 | D        | Reached skill level 8 in Fighting
   154 | D        | Reached skill level 3 in Conjurations
   154 | D        | Reached **** piety under Uskayaw
   155 | D        | Killed Blork the orc
   155 | D        | Reached skill level 4 in Dodging
   155 | D        | Reached skill level 4 in Spellcasting
   155 | D        | Reached skill level 4 in Conjurations
   155 | D        | Reached skill level 5 in Poison Magic
   155 | D        | Reached XP level 5. HP: 35/51 MP: 8/11
   155 | D        | Reached ***** piety under Uskayaw
   156 | D        | Killed Sigmund
   156 | D        | Reached skill level 9 in Fighting
   156 | D        | Reached skill level 5 in Dodging
   156 | D        | Reached skill level 5 in Spellcasting
   156 | D        | Reached skill level 5 in Conjurations
   156 | D        | Reached skill level 6 in Poison Magic
   156 | D        | Reached XP level 6. HP: 42/58 MP: 8/13
   162 | D        | Learned a level 4 spell: Olgreb's Toxic Radiance
   174 | D        | Got the cursed +0 scale mail "Yghimeaw" {*Drain Str+3 Dex+4}
   195 | D        | Entered arena 4.
   195 | D        | Noticed a jumping spider
   202 | D        | Reached skill level 7 in Poison Magic
   209 | D        | Killed a jumping spider
   209 | D        | Reached skill level 6 in Dodging
   209 | D        | Reached skill level 6 in Spellcasting
   209 | D        | Reached skill level 6 in Conjurations
   209 | D        | Reached skill level 8 in Poison Magic
   209 | D        | Reached XP level 7. HP: 52/65 MP: 14/16
   276 | D        | Entered arena 5.
   282 | D        | Reached skill level 10 in Fighting
   282 | D        | Reached skill level 7 in Conjurations
   282 | D        | Reached skill level 9 in Poison Magic
   282 | D        | Reached skill level 7 in Spellcasting
   282 | D        | Gained mutation: You have a pair of small horns on your head. [demonic ancestry]
   282 | D        | Reached XP level 8. HP: 36/73 MP: 3/18
   301 | D        | Got the ring of Ficoly {-Tele rElec rPois MR+ Int+3}
   303 | D        | Got the +1 leather armour of Dawn {rF+++}
   320 | D        | Learned a level 5 spell: Venom Bolt
   414 | D        | Entered arena 6.
   414 | D        | Noticed a deep elf mage
   414 | D        | Noticed a deep elf knight
   414 | D        | Noticed a deep elf archer
   414 | D        | Noticed a deep elf mage
   414 | D        | Noticed a war axe of chopping
   423 | D        | Killed a deep elf archer
   423 | D        | Reached skill level 7 in Dodging
   423 | D        | Reached skill level 8 in Conjurations
   423 | D        | Reached skill level 10 in Poison Magic
   423 | D        | Killed a deep elf mage
   423 | D        | Reached skill level 11 in Fighting
   423 | D        | Reached skill level 8 in Dodging
   423 | D        | Reached skill level 8 in Spellcasting
   423 | D        | Reached skill level 11 in Poison Magic
   423 | D        | Killed a deep elf mage
   423 | D        | Reached skill level 9 in Conjurations
   423 | D        | Reached XP level 9. HP: 67/81 MP: 4/21
   425 | D        | Killed a deep elf knight
   425 | D        | Reached skill level 9 in Spellcasting
   425 | D        | Reached skill level 12 in Poison Magic
   428 | D        | Killed a war axe of chopping
   428 | D        | Reached skill level 12 in Fighting
   428 | D        | Reached skill level 9 in Dodging
   578 | D        | Learned a level 3 spell: Ignite Poison
   579 | D        | Entered arena 7.
   585 | D        | Reached skill level 13 in Poison Magic
   594 | D        | Identified the Catalogue of Shifting Attacks (You found it in the Dungeon)
   608 | D        | Entered arena 8.
   620 | D        | Reached skill level 1 in Shields
   620 | D        | Reached skill level 10 in Conjurations
   695 | D        | Entered arena 9.
   695 | D        | Noticed a draconian
   695 | D        | Noticed a draconian
   695 | D        | Noticed a draconian
   695 | D        | Noticed a draconian
   695 | D        | Noticed a green draconian
   695 | D        | Noticed a draconian
   695 | D        | Noticed a draconian
   695 | D        | Noticed a white draconian
   701 | D        | Killed a draconian
   701 | D        | Reached XP level 10. HP: 43/88 MP: 23/23
   702 | D        | Killed a draconian
   702 | D        | Reached skill level 2 in Shields
   704 | D        | Killed a draconian
   704 | D        | Killed a white draconian
   704 | D        | Reached skill level 10 in Dodging
   704 | D        | Reached skill level 3 in Shields
   704 | D        | Reached skill level 10 in Spellcasting
   704 | D        | Killed a draconian
   704 | D        | Reached skill level 4 in Shields
   704 | D        | Killed a draconian
   706 | D        | HP: 20/90 [green draconian/battleaxe (8)]
   709 | D        | Killed a draconian
   709 | D        | Reached skill level 11 in Conjurations
   713 | D        | Killed a green draconian
   713 | D        | Reached skill level 13 in Fighting
   713 | D        | Reached skill level 5 in Shields
   713 | D        | Reached skill level 14 in Poison Magic
   717 | D        | HP: 23/92 [poisoned by a green draconian (poison gas)]
   722 | D        | HP: 18/92 [poisoned by a green draconian (poison gas)]
   727 | D        | HP: 15/92 [poisoned by a green draconian (poison gas)]
   732 | D        | HP: 13/92 [poisoned by a green draconian (poison gas)]
   737 | D        | HP: 13/92 [poisoned by a green draconian (poison gas)]
   744 | D        | HP: 15/92 [poisoned by a green draconian (poison gas)]
   751 | D        | HP: 17/92 [poisoned by a green draconian (poison gas)]
   759 | D        | HP: 21/92 [poisoned by a green draconian (poison gas)]
   870 | D        | Entered arena 10.
   870 | D        | Noticed an orc knight
   870 | D        | Noticed a great orb of eyes
   870 | D        | Noticed a sphinx
   870 | D        | Noticed an ironbrand convoker
   870 | D        | Noticed an ogre mage
   870 | D        | Noticed a stone giant
   870 | D        | Noticed an ogre mage
   873 | D        | Gained mutation: You are immune to freezing clouds. [demonic ancestry]
   873 | D        | Reached XP level 11. HP: 74/98 MP: 25/25
   873 | D        | Killed an ironbrand convoker
   875 | D        | Killed an ogre mage
   875 | D        | Reached skill level 11 in Spellcasting
   875 | D        | Killed an orc knight
   875 | D        | Reached skill level 6 in Shields
   875 | D        | Reached skill level 11 in Dodging
   875 | D        | Killed an ogre mage
   875 | D        | HP: 24/98 [sphinx/divine providence (12)]
   876 | D        | Killed a stone giant
   876 | D        | Reached skill level 12 in Conjurations
   878 | D        | Killed a great orb of eyes
   878 | D        | Reached skill level 7 in Shields
   879 | D        | Killed a sphinx
   879 | D        | Reached skill level 14 in Fighting
   879 | D        | Reached skill level 15 in Poison Magic
   902 | D        | esc: ??sceptre of torment
   902 | D        | beem: sceptre of torment[1/1]: +7 staff (mace in 0.16 and earlier) which invokes Torment on 50% of attacks and 1/200 on just being wielded for a given turn. Useful if you have {torment immunity}. Counts as necromancy for the good gods, but if you worship a good god, you are susceptible to torment, so this is going to cause you far worse problems than penance.
   946 | D        | Entered arena 11.
   946 | D        | Noticed an oklob plant
   946 | D        | Noticed a thorn hunter
   946 | D        | Noticed a spriggan berserker
   947 | D        | Noticed a spriggan berserker
   947 | D        | Noticed a spriggan defender
   947 | D        | Noticed a spriggan berserker
   951 | D        | Noticed a death yak
   951 | D        | Killed a spriggan berserker
   951 | D        | Reached skill level 12 in Spellcasting
   951 | D        | Killed a spriggan berserker
   951 | D        | Reached skill level 12 in Dodging
   951 | D        | Reached skill level 8 in Shields
   951 | D        | Gained mutation: You have a pair of horns on your head. [demonic ancestry]
   951 | D        | Reached XP level 12. HP: 56/108 MP: 10/28
   951 | D        | Killed a spriggan defender
   951 | D        | Reached skill level 13 in Conjurations
   953 | D        | esc: @?thorn hunter
   953 | D        | beem: thorn hunter (f)
                  | Spd: 12 (swim: 120%)
                  | HD: 15
                  | HP: 83-115
                  | AC/EV: 9/9
                  | Dam: 27, 23
                  | plant, amphibious, see invisible, unbreathing
                  | Res: magic(100), poison, drown, neg+++, torm
                  | Vul: fire
                  | XP: 2121
                  | Sp: v.thorns (3d18) [!AM, !sil], w.brambles [!sil]
                  | Sz: Large
                  | Int: animal.
   953 | D        | esc: @?oklob plantr
   953 | D        | beem: unknown monster: "oklob plantr"
   953 | D        | esc: @?oklob plant
   953 | D        | beem: oklob plant (P)
                  | Spd: 10 (stationary)
                  | HD: 10
                  | HP: 42-65
                  | AC/EV: 10/0
                  | plant, unbreathing
                  | Res: magic(40), poison, acid+++, drown, neg+++, torm
                  | XP: 557
                  | Sp: spit acid (3d7) [!AM, !sil]
                  | Sz: small
                  | Int: brainless.
   957 | D        | Entered arena 12.
   961 | D        | Reached skill level 1 in Invocations
   961 | D        | Reached ****** piety under Uskayaw
   964 | D        | HP: 22/108 [spiny frog (21)]
   968 | D        | esc: @?spiny frog
   968 | D        | beem: spiny frog (F)
                  | Spd: 12 (swim: 60%)
                  | HD: 7
                  | HP: 30-45
                  | AC/EV: 6/9
                  | Dam: 26(poison:14-28)
                  | amphibious, cold-blooded
                  | Res: magic(20), poison, drown
                  | Chunks: noxious
                  | XP:
   408 | Sz: Medium | Int: animal.
   968 | D        | Reached skill level 2 in Invocations
   968 | D        | HP: 7/108 [black mamba (10)]
   968 | D        | Slain by a hippogriff

Vault maps used:
D:        sprint_v

Skill      XL: |  1  2  3  4  5  6  7  8  9 10 11 12 |
---------------+-------------------------------------+-----
Fighting       | 7 8 9 10 11 12 13 14 | 14.8
Dodging        | 2 3 4 5 6 8 9 10 12 | 12.3
Conjurations   | 2 4 5 6 7 9 10 11 12 13 | 13.2
Spellcasting   | 3 4 5 6 7 8 9 10 12 | 12.5
Poison Magic   | 4 5 6 8 9 11 13 14 15 | 15.5
Shields        | 1 5 8 |  8.7
Invocations    | 2 |  2.0
Stealth        | |  1.7

Action                   |  1- 3 |  4- 6 |  7- 9 | 10-12 || total
-------------------------+-------+-------+-------+-------++-------
Melee: Double sword      |    11 |    11 |    33 |       ||    55
       Headbutt          |       |       |    11 |     1 ||    12
       Staff             |       |       |       |     6 ||     6
 Cast: Olgreb's Toxic Ra |       |       |     9 |     6 ||    15
       Sting             |       |       |     2 |       ||     2
       Ignite Poison     |       |       |     2 |     8 ||    10
       Venom Bolt        |       |       |       |     1 ||     1
Invok: Stomp             |       |       |     3 |     7 ||    10
       Line Pass         |       |       |       |     2 ||     2
Evoke: Wand              |     1 |     1 |     1 |       ||     3
       Lightning rod     |     1 |     3 |       |       ||     4
  Use: Potion            |     1 |       |       |     4 ||     5
       Scroll            |       |       |       |     1 ||     1
 Stab: Paralysed         |       |     2 |     1 |       ||     3
  Eat: Chunk             |       |       |       |     2 ||     2
Armor: Plate armour      |     6 |    11 |       |       ||    17
       Leather armour    |       |       |    19 |       ||    19
Dodge: Dodged            |       |       |    22 |    18 ||    40
Block: Shield            |    19 |    25 |    81 |    41 ||   166
       Rpst.: Double sword |       |       |     5 |       ||     5

Vault maps used:
D:        sprint_v

Table legend:
 A = Turns spent in this place as a percentage of turns spent in the entire game.
 B = Non-inter-level travel turns spent in this place as a percentage of non-inter-level travel turns spent in the entire game.
 C = Inter-level travel turns spent in this place as a percentage of turns spent in this place.
 D = Turns resting spent in this place as a percentage of non-inter-level travel turns spent in this place.
 E = Turns spent auto-exploring this place as a percentage of non-inter-level travel turns spent in this place.
 F = Non-inter-level travel turns spent in this place divided by the number of levels of this place that you've seen.
                   A       B       C       D       E      F
               +-------+-------+-------+-------+-------+----------------------
         Total | 100.0 | 100.0 |   0.0 |   3.3 |   0.0 | 552.0
       Dungeon | 100.0 | 100.0 |   0.0 |   3.3 |   0.0 | 552.0
               +-------+-------+-------+-------+-------+----------------------

Table legend:
 A = Kills in this place as a percentage of kills in entire the game.
 B = Kills by you in this place as a percentage of kills by you in the entire game.
 C = Kills by friends in this place as a percentage of kills by friends in the entire game.
 D = Other kills in this place as a percentage of other kills in the entire game.
 E = Experience gained in this place as a percentage of experience gained in the entire game.
 F = Experience gained in this place divided by the number of levels of this place that you have seen.
                   A       B       C       D       E      F
               +-------+-------+-------+-------+-------+----------------------
         Total | 100.0 | 100.0 |  -nan |  -nan | 100.0 | 26132.0
       Dungeon | 100.0 | 100.0 |  -nan |  -nan | 100.0 | 26132.0
               +-------+-------+-------+-------+-------+----------------------
